 Dungeon Crawl Stone Soup version 0.17-a0-1951-g62301d3 (webtiles) character file.

8 Roadrunner the Skirmisher (level 2, -1/28 HPs)
             Began as a Troll Warper on Oct 2, 2015.
             Slain by an orc
             ... wielding a +0 trident
              (5 damage)
             ... on level 3 of the Dungeon.
             The game lasted 00:02:56 (180 turns).

Roadrunner the Skirmisher (Troll Warper)             Turns: 180, Time: 00:02:57

Health: -1/28      AC:  5    Str: 18    XL:     2   Next: 0%
Magic:  2/2        EV: 10    Int:  9    God:
Gold:   25         SH:  0    Dex:  9    Spells: 1 memorised, 2 levels left

rFire  . . .     SeeInvis .     (no weapon)
rCold  . . .     Clarity  .     b - +0 robe
rNeg   . . .     SustAt   .     (no shield)
rPois  .         Gourm    +     (helmet restricted)
rElec  .         Spirit   .     (no cloak)
rCorr  .         Warding  .     (gloves unavailable)
rMut   .         Stasis   .     (boots unavailable)
MR     .....                    (no amulet)
Stlth  +.........               (no ring)
                                (no ring)

@: not resistant to hostile enchantments, very unstealthy
A: unfitting armour, claws 3, fast metabolism 3, gourmand, regeneration 2,
shaggy fur 1, tough skin 2
a: no special abilities


You were on level 3 of the Dungeon.
You were not hungry.

You visited 1 branch of the dungeon, and saw 5 of its levels.

You collected 25 gold pieces.

Inventory:

Hand weapons
 a - a +0 hand axe
 i - a +0 quarterstaff
Missiles
 e - 5 tomahawks of dispersal (quivered)
Armour
 b - a +0 robe (worn)
Scrolls
 d - a scroll of blinking
 g - 2 scrolls of identify {unknown}
 h - a scroll of remove curse {unknown}
Books
 c - a book of Spatial Translocations

   Spells                             Type                      Level
   a - Apportation                    Translocation                1
   b - Blink                          Translocation                2
   c - Shroud of Golubria             Charms/Translocation         2
   d - Portal Projectile              Translocation                3
   e - Teleport Other                 Translocation                3
   f - Passage of Golubria            Translocation                4
Comestibles
 f - 2 bread rations


   Skills:
 + Level 2.2 Fighting
 - Level 1.5 Axes
 - Level 0.8 Throwing
 - Level 1.9 Dodging
 - Level 1.2 Spellcasting
 - Level 2.1 Translocations


You had 2 spell levels left.
You knew the following spells:

 Your Spells              Type           Power        Failure   Level  Hunger
a - Apportation           Tloc           #.........   14%         1    ##.....


Dungeon Overview and Level Annotations

Branches:
Dungeon (5/15)
 Temple: D:4-7

Altars:


Innate Abilities, Weirdness & Mutations

You are too large for most types of armour.
You have claws for hands.
Your metabolism is lightning-fast.
You like to eat raw meat.
You heal very quickly.
You are covered in fur (AC +1).
You have very tough skin (AC +2).


Message History

You scratch the orc.
The orc is severely wounded.
The orc hits you from afar with a trident.
The orc hits you but does no damage.
You closely miss the orc.
The orc is severely wounded.
The orc hits you from afar with a trident!
The orc closely misses you.
You closely miss the orc.
The orc is severely wounded.
The orc hits you from afar with a trident!
* * * LOW HITPOINT WARNING * * *
You scratch the orc but do no damage.
The orc is severely wounded.
The orc hits you but does no damage. The orc barely misses you.
You scratch the orc.
You kill the orc!
You have reached level 2!
The orc hits you from afar with a trident.
You die...

#..#.#...#
..####.........
..............#
#>...# #.##.##
#.#...###
##........
###.#####......###
.......@r..).....#
###.#.###o.......#
# #.........
#..#####.# #..# .#
#..# #..# #..#


You could see an orc and a rat.

Vanquished Creatures
  3 orcs (D:3)
  A bat (D:3)
  A giant newt (D:2)
5 creatures vanquished.

Notes
Turn   | Place    | Note
--------------------------------------------------------------
     0 | D:1      | Roadrunner the Troll Warper began the quest for the Orb.
     0 | D:1      | Reached XP level 1. HP: 19/19 MP: 1/1
     0 | D:1      | Noticed an elf skeleton
     1 | D:1      | Noticed an elf skeleton
     3 | D:1      | Noticed a centaur skeleton
     3 | D:1      | Noticed an elf skeleton
     6 | D:1      | Noticed a minotaur skeleton
    11 | D:1      | Noticed a merfolk skeleton
    13 | D:1      | Noticed a centaur skeleton
    15 | D:1      | Noticed a vine stalker skeleton
    17 | D:1      | Noticed a merfolk skeleton
    19 | D:1      | Noticed a minotaur skeleton
    19 | D:1      | Noticed a merfolk skeleton
   135 | D:5      | Entered Level 5 of the Dungeon
   142 | D:5      | Noticed an orc wizard
   144 | D:5      | Noticed an orc priest
   180 | D:3      | Reached XP level 2. HP: 4/28 MP: 2/2
   180 | D:3      | Slain by an orc

Vault maps used:
D:1:      shiori_arrival_whats_in_store_for_you, minmay_misc_feat_five,
          hangedman_abyss_or_decor_lesser_grid, patterned_corridor
D:3:      first_bread
D:4:      fedhas_altar_1, uniq_edmund
D:5:      lemuel_doored_altar, nicolae_ru_awakened_eye

Action                   || total
-------------------------++-------
Melee: Unarmed           ||    19
